 Dungeon Crawl Stone Soup version 0.30.0-29-ga12c61a403 (webtiles) character file.

Game seed: 11025863061105382534

306046 Dadbod the Peltast (level 19, -15/151 HPs)
             Began as a Demigod Fighter on June 22, 2023.
             Killed from afar by an ironbound frostheart (22 damage)
             ... by creeping frost
             ... led by a vault warden
             ... on level 4 of the Vaults.
             The game lasted 03:22:36 (56938 turns).

Dadbod the Peltast (Demigod Fighter)               Turns: 56938, Time: 03:22:36

Health: -15/151    AC: 23    Str: 29    XL:     19   Next: 51%
Magic:  58/58      EV: 22    Int: 22    God:
Gold:   405        SH: 22    Dex: 21    Spells: 12/41 levels left

rFire   + + .        d - +7 sceptre of Torment {pain, torment}
rCold   + . .        Z - +0 tower shield
rNeg    . . .        Q - +6 chain mail of the Lonely Quests {Regen+ rCorr Int+2}
rPois   +            (helmet restricted)
rElec   +            T - +1 cloak {rPois}
rCorr   +            o - +0 pair of gloves
SInv    .            P - +2 pair of boots
Will    ++...        E - amulet of the acrobat
Stlth   ++           h - ring of Kanad {rF+ MP+9 EV+5}
HPRegen 1.25/turn    s - ring of Springtime {Wiz rCorr MP+9 Int+6}
MPRegen 0.36/turn

%: acrobat, wizardry (x1)
@: resistant, frozen, hasted, studying 2 skills, very quick
A: high MP 1, forlorn, divine attributes, antennae 1, strong-willed 1,
electricity resistance
}: 2/15 runes: decaying, serpentine
a: no special abilities


You were on level 4 of the Vaults.
You visited 6 branches of the dungeon, and saw 34 of its levels.
You also visited: Bailey and Gauntlet.

You collected 4061 gold pieces.
You spent 3656 gold pieces at shops.

Inventory:

Hand Weapons
 d - the +7 sceptre of Torment (weapon) {pain, torment}
   (You took it off a minotaur in a Gauntlet)
 t - the +8 frozen axe "Frostbite" {freeze, freezing cloud, *Noise Fly rC+}
   (You bought it in a shop on level 2 of the Orcish Mines)

   rC:        It protects you from cold.
   Fly:       It grants you flight.
   *Noise:    It may make noises in combat.
Missiles
 g - 4 silver javelins
 i - a throwing net
 C - 6 curare-tipped darts
 F - 29 poisoned darts
 N - 17 boomerangs
 Y - 2 javelins (quivered)
Armour
 m - the +3 Mad Mage's Maulers {Infuse+∞ VampMP -Cast}
   (You found it in a Gauntlet)

   Infuse+∞: It empowers its wearer's blows with all of their magic.
   VampMP:    Blows struck in melee replenish the wearer's magic.
   -Cast:     It prevents spellcasting.
 o - a +0 pair of gloves (worn)
 P - a +2 pair of boots (worn)
 Q - the +6 chain mail of the Lonely Quests (worn) {Regen+ rCorr Int+2}
   (You found it on level 3 of the Swamp)

   Int:       It affects your intelligence (+2).
   Regen:     It increases your rate of health regeneration.
   rCorr:     It protects you from acid and corrosion.
 T - a +1 cloak of poison resistance (worn)
 V - a +2 kite shield of positive energy
 Z - a +0 tower shield (worn)
Jewellery
 h - the ring of Kanad (left hand) {rF+ MP+9 EV+5}
   (You bought it in a shop on level 1 of the Orcish Mines)

   [ring of evasion]

   EV:        It affects your evasion (+5).
   rF:        It protects you from fire.
   MP:        It affects your magic capacity (+9).
 n - a +4 ring of slaying
 s - the ring of Springtime (right hand) {Wiz rCorr MP+9 Int+6}
   (You found it on level 5 of the Lair of Beasts)

   [ring of wizardry]

   It improves your spell success rate.
   Int:       It affects your intelligence (+6).
   MP:        It affects your magic capacity (+9).
   rCorr:     It protects you from acid and corrosion.
 y - a ring of protection from cold
 A - a ring of positive energy
 B - a ring of see invisible
 E - an amulet of the acrobat (around neck)
 I - a ring of protection from fire
 L - a ring of flight
 W - a +6 ring of dexterity
Wands
 j - a wand of roots (31)
 w - a wand of flame (33)
 J - a wand of paralysis (21)
 X - a wand of acid (12)
Scrolls
 c - a scroll of silence
 e - 5 scrolls of fear
 l - 9 scrolls of poison
 q - 2 scrolls of blinking
 r - 11 scrolls of enchant armour
 x - 21 scrolls of teleportation
 D - 4 scrolls of fog
 G - 5 scrolls of immolation
 H - 6 scrolls of magic mapping
Potions
 b - 10 potions of curing
 f - 2 potions of haste
 k - a potion of invisibility
 u - 4 potions of cancellation
 v - 5 potions of resistance
 z - 6 potions of lignification
 K - 2 potions of might
 R - a potion of berserk rage
 S - 3 potions of mutation
Miscellaneous
 a - a lightning rod (4/4)
 M - a condenser vane
 O - a box of beasts


   Skills:
 * Level 9.4 Fighting
 * Level 11.9(15.7) Axes
 * Level 16.4(17.9) Maces & Flails
 * Level 5.2 Throwing
 * Level 7.8 Armour
 * Level 13.1 Dodging
 - Level 10.2 Stealth
 * Level 17.6 Shields
 * Level 11.5 Spellcasting
 - Level 5.0 Necromancy
 * Level 10.0 Translocations
 - Level 2.8 Transmutations
 - Level 2.5 Air Magic
 * Level 5.4 Evocations


You had 12 spell levels left.
You knew the following spells:

 Your Spells              Type           Power      Damage    Failure   Level
a - Wereblood             Tmut           25%        N/A       6%          2
b - Swiftness             Air            23%        N/A       16%         3
c - Manifold Assault      Tloc           54%        N/A       2%          4
d - Anguish               Hex/Necr       11%        N/A       43%         4
e - Passage of Golubria   Tloc           54%        N/A       2%          4
f - Disjunction           Tloc           27%        N/A       100%        8
g - Leda's Liquefaction   Hex/Erth       6%         N/A       77%         4

Your spell library contained the following spells:

 Spells                   Type           Power      Damage    Failure   Level
 Necrotise                Necr           100%       1d9       1%          1
 Sublimation of Blood     Necr           34%        N/A       2%          2
 Vhi's Electric Charge    Tloc/Air       80%        N/A       3%          3
 Vampiric Draining        Necr           34%        2d8       5%          3
 Passwall                 Tmut/Erth      15%        N/A       12%         2
 Magic Dart               Conj           48%        1d5       14%         1
 Call Imp                 Summ           24%        N/A       21%         2
 Ensorcelled Hibernation  Hex/Ice        24%        N/A       21%         2
 Searing Ray              Conj           24%        2d5       21%         2
 Mephitic Cloud           Conj/Pois/Air  16%        N/A       28%         3
 Dispersal                Tloc           27%        N/A       32%         6
 Dazzling Flash           Conj/Hex       24%        N/A       38%         3
 Inner Flame              Hex/Fire       12%        N/A       38%         3
 Tukima's Dance           Hex            12%        N/A       38%         3
 Agony                    Necr           34%        N/A       43%         5
 Blade Hands              Tmut           12%        N/A       71%         5
 Animate Armour           Summ/Erth      24%        N/A       77%         4
 Cause Fear               Hex            6%         N/A       77%         4
 Flame Wave               Conj/Fire      12%        2d6       77%         4
 Fulminant Prism          Conj/Hex       6%         3d7       77%         4
 Olgreb's Toxic Radiance  Pois           12%        N/A       77%         4
 Sticky Flame             Conj/Fire      12%        2d4       77%         4
 Irradiate                Conj/Tmut      9%         3d14      88%         5
 Yara's Violent Unravell  Hex/Tmut       9%         3d6       88%         5
 Arcjolt                  Conj/Air       9%         1d19      89%         5
 Silence                  Hex/Air        9%         N/A       89%         5
 Lee's Rapid Deconstruct  Erth           6%         3d6*      97%         5
 Summon Mana Viper        Hex/Summ       12%        N/A       97%         5
 Iron Shot                Conj/Erth      6%         9d2       100%        6
 Starburst                Conj/Fire      6%         6d4       100%        6
 Statue Form              Tmut/Erth      12%        N/A       100%        6
 Enfeeble                 Hex            6%         N/A       100%        7
 Storm Form               Tmut/Air       12%        N/A       100%        7
 Summon Hydra             Summ           6%         N/A       100%        7
 Discord                  Hex            6%         N/A       100%        8
 Ignition                 Fire           6%         3d4       100%        8
 Maxwell's Capacitive Co  Air            11%        ∞         100%        8
 Necromutation            Tmut/Necr      14%        N/A       100%        8
 Fire Storm               Conj/Fire      6%         8d2       100%        9


Dungeon Overview and Level Annotations

Branches:
Dungeon (15/15)            Temple (0/1) D:4            Lair (5/5) D:8
  Swamp (4/4) Lair:2        Snake (4/4) Lair:3        Slime (0/5) Lair:5
    Orc (2/2) D:12            Elf (0/3) Orc:2        Vaults (4/5) D:13
  Crypt (0/3) Vaults:2     Depths (0/4) D:15         Bailey (visited)
Gauntlet (visited)

Shops:
D:2 *   D:3 [   Orc:1 *   Orc:2 ?*(*   Snake:2 *![[?   Vaults:1 *:(!

Annotations:
Snake:1 2 transporters, Layvvorr's ghost, adept DEHW
Orc:2 3 runed translucent doors, Fodor's ghost, journeyman MiFi; Jingleheimer's ghost, adept MiFi
Vaults:2 3 runed translucent doors, Dacon's ghost, adept MiGl


Innate Abilities, Weirdness & Mutations

You have an increased reservoir of magic. (+10% MP)
You shall have no god before yourself.
Your divine heritage dramatically boosts your attributes as you level up.
You have a pair of small antennae on your head.
You are strong-willed. (Will+)
You are resistant to electric shocks. (rElec)


Message History

The ironbound frostheart is severely wounded.
The ironbound frostheart calls freezing cold from the walls.
The frost grips you! You resist.
* * * LOW HITPOINT WARNING * * *
You block the vault warden's attack.
The ironbound frostheart calls freezing cold from the walls.
The frost grips you! You resist.
* * * LOW HITPOINT WARNING * * *
Unknown command.
Unknown command.
Unknown command.
Unknown command.
You feel yourself speed up. The ice encasing you melts away.
The ironbound frostheart calls freezing cold from the walls.
The frost grips you. You resist.
* * * LOW HITPOINT WARNING * * *
You are encased in ice.
The vault warden hits you with a +0 great mace!
* * * LOW HITPOINT WARNING * * *
The ironbound frostheart calls freezing cold from the walls.
The frost grips you! You resist.
* * * LOW HITPOINT WARNING * * *
Unknown command.
Unknown command.
Unknown command.
Unknown command.
Unknown command.
Unknown command.
Okay, then.
As you read the scroll of fear, it crumbles to dust.
You assume a fearsome visage.
The vault guard simulacrum is unaffected.
The necromancer looks frightened!
The ironbound frostheart looks frightened!
The vault warden looks frightened!
The ironbound frostheart resists with some effort.
The ironbound frostheart calls freezing cold from the walls.
The frost grips you!! You resist.
You die...

########
#§§☼☼§○#
#§§§§☼§#
#§§§☼§§#
#☼○☼§§○#
#§☼○☼§§#
#§§§§§§#
#§p@§§○#
##p#####
#Zp?..#
§§§p#..=..#
#○#+#§'!#'#.#
# §☼# p ..
§§' .# .# ○#'
p # #. ' #.


You could see a vault warden (soul bound, fleeing), 2 ironbound frosthearts, a
necromancer (fleeing) and a vault guard simulacrum.

Vanquished Creatures
  Xtahua (Vaults:3)
  Jorgrun (D:14)
  A tentacled monstrosity (Swamp:2)
  Rupert (D:15)
  Frances (D:12)
  2 sphinxes (Vaults:1)
  Agnes (D:15)
  3 thorn hunters (Swamp:4)
  2 tengu reavers (Vaults:2)
  Kirke (Swamp:2)
  15 nagarajas
  Roxanne (Swamp:3)
  A fenstrider witch (Swamp:4)
  Aizul (Snake:4)
  Louise (D:14)
  3 ghouls (Swamp:3)
  7 vault wardens
  An orc warlord (Vaults:2)
  2 very ugly things
  12 ironbound preservers
  A stone giant (Vaults:2)
  5 ironbound thunderhulks
  7 eleionomae
  A minotaur (Gauntlet)
  The ghost of turdburglar the Unseen, a journeyman KoEn of Gozag (Lair:3)
  2 vampire knights (Swamp:4)
  6 dire elephants
  2 bunyips
  An eidolon (Vaults:2)
  An entropy weaver (Vaults:1)
  6 shambling mangroves
  Fannar (D:12)
  5 yaktaur captains
  4 great orbs of eyes
  3 salamander tyrants (Snake:4)
  12 vault guards
  7 centaur warriors
  17 hydras
  5 ironbound frosthearts
  11 anacondas
  2 catoblepae (Lair:4)
  3 ogre magi (D:15)
  20 two-headed ogres
  2 ghost crabs
  3 boulder beetles
  11 alligators
  2 tengu warriors
  10 death yaks
  17 naga warriors
  5 orc high priests (Orc:2)
  11 naga sharpshooters
  Sonja (Lair:1)
  7 shock serpents
  A sun demon (D:13)
  Amaemon (Lair:1)
  2 skeletal warriors (Vaults:2)
  3 skysharks (Lair:5)
  A sixfirhy (D:13)
  5 goliath frogs
  2 salamander mystics
  A flayed ghost (Swamp:4)
  A wretched star (Gauntlet)
  29 deep trolls
  7 spriggan druids
  14 swamp dragons
  8 naga ritualists
  7 bog bodies
  A phantasmal warrior (Swamp:4)
  10 ironbound convokers
  3 harpies (Vaults:1)
  7 lindwurms
  15 orc knights
  2 wizards
  A spectral hydra (Swamp:4)
  3 orc sorcerers (Orc:1)
  4 deep elf pyromancers
  2 will-o-the-wisps
  16 ugly things
  18 salamanders
  3 manticores
  11 mana vipers
  3 oklob plants (Swamp:4)
  7 cyclopes
  2 large abominations (Gauntlet)
  33 black mambas
  11 elephants
  12 naga magi
  11 vault sentinels
  3 gargoyles
  2 smoke demons (D:13)
  2 torpor snails
  4 guardian serpents (Snake:4)
  An unseen horror (D:9)
  3 orange demons
  23 cane toads
  4 freezing wraiths
  3 rime drakes
  3 efreet
  12 komodo dragons
  16 yaktaurs
  A tengu conjurer (D:14)
  2 hydra zombies (Swamp:4)
  A red devil (D:13)
  A queen bee (D:13)
  3 hellwings (D:13)
  8 trolls
  6 tyrant leeches
  6 meliai
  A hydra skeleton (Swamp:4)
  3 polar bears (Lair:3)
  14 hornets
  Prince Ribbit (Lair:3)
  34 blink frogs
  A death drake skeleton (Swamp:4)
  5 dream sheep (Lair:3)
  11 slime creatures
  15 spriggans
  10 flying skulls (Gauntlet)
  4 vampires
  2 water elementals (D:12)
  2 wraiths
  A shadow (D:9)
  A ynoxinul (D:13)
  A yak (shapeshifter) (D:15)
  51 yaks
  5 small abominations (Gauntlet)
  8 wyverns
  5 basilisks
  3 hogs (Swamp:2)
  4 steam dragons
  A chaos spawn (D:13)
  7 vampire mosquitoes
  9 swamp worms
  A warg (Orc:2)
  30 nagas
  2 acid dragons
  13 water moccasins
  5 hydra simulacra (Swamp:4)
  8 swamp drakes
  5 black bears
  32 orc warriors
  2 sky beasts
  A swamp dragon zombie (Swamp:4)
  The ghost of turdburglar the Chopper, an amateur HOFi (D:3)
  10 wolves
  12 ogres
  5 boggarts (D:14)
  2 swamp dragon skeletons (Swamp:4)
  A phantom (D:6)
  14 centaurs
  5 kobold brigands
  22 bullfrogs
  A necrophage (Swamp:3)
  3 scorpions
  14 wights
  23 killer bees
  4 electric eels
  7 jellies
  4 hounds
  2 lava snakes (Lair:3)
  34 orc priests
  Jessica (D:3)
  2 gnoll boudas
  2 iguanas (D:5)
  9 orc wizards
  10 gnolls
  10 adders
  A shadow imp (D:8)
  4 worms
  5 dart slugs
  87 orcs
  8 endoplasms
  2 giant cockroaches
  11 goblins
  13 hobgoblins
  4 jackals
  33 kobolds
  8 quokkas
  6 ball pythons
  7 bats
  5 frilled lizards
  3 rats
1304 creatures vanquished.

Vanquished Creatures (collateral kills)
  An orc priest (Orc:2)
1 creature vanquished.

Vanquished Creatures (others)
  2 bloated husks (Swamp:1)
  A human (Swamp:2)
  A swamp worm (Swamp:2)
  3 foxfires
7 creatures vanquished.

Grand Total: 1312 creatures vanquished

Notes
Turn   | Place    | Note
-------+----------+-------------------------------------------
     0 | D:1      | Dadbod the Demigod Fighter began the quest for the Orb.
     0 | D:1      | Reached XP level 1. HP: 18/18 MP: 3/3
    99 | D:1      | Reached XP level 2. HP: 23/25 MP: 4/4
   475 | D:1      | Reached XP level 3. HP: 31/31 MP: 5/5
   575 | D:2      | Found Ceoffir's General Store.
   581 | D:2      | Bought a scroll of identify for 24 gold pieces
   581 | D:2      | Bought a scroll of identify for 24 gold pieces
   677 | D:2      | Learned a level 2 spell: Wereblood
   866 | D:2      | Reached XP level 4. HP: 24/38 MP: 6/6
   869 | D:2      | Reached skill level 3 in Shields
  1650 | D:3      | Noticed Jessica
  1658 | D:3      | Killed Jessica
  1659 | D:3      | Reached XP level 5. HP: 4/45 MP: 7/7
  2215 | D:3      | Found a runed translucent gate.
  2215 | D:3      | Found a runed translucent gate.
  2217 | D:3      | Found a runed translucent gate.
  2220 | D:3      | Noticed turdburglar's ghost (amateur HOFi)
  2327 | D:3      | Found Xuver's Armour Shoppe.
  2335 | D:3      | Bought a +0 pair of gloves for 54 gold pieces
  2741 | D:4      | Reached skill level 1 in Dodging
  2779 | D:4      | Noticed a water moccasin
  2784 | D:4      | Killed a water moccasin
  2803 | D:4      | Found a staircase to the Ecumenical Temple.
  2816 | D:4      | Reached XP level 6. HP: 50/51 MP: 8/8
  2828 | D:4      | Reached skill level 5 in Dodging
  3481 | D:5      | Entered Level 5 of the Dungeon
  3519 | D:5      | Learned a level 3 spell: Swiftness
  3696 | D:5      | Reached XP level 7. HP: 29/57 MP: 9/9
  4827 | D:6      | Gained mutation: You are frail. (-10% HP) [potion of
                  | mutation]
  4828 | D:6      | Lost mutation: You are frail. (-10% HP) [potion of
                  | mutation]
  4828 | D:6      | Gained mutation: Your flesh is heat resistant. (rF+)
                  | [potion of mutation]
  4828 | D:6      | Gained mutation: You have hidden genetic defects. [potion
                  | of mutation]
  4829 | D:6      | Lost mutation: You have hidden genetic defects. [potion of
                  | mutation]
  4829 | D:6      | Lost mutation: Your flesh is heat resistant. (rF+) [potion
                  | of mutation]
  4829 | D:6      | Gained mutation: You occasionally lose the ability to drink
                  | potions when taking damage. [potion of mutation]
  4840 | D:6      | Reached XP level 8. HP: 57/63 MP: 10/10
  4948 | D:6      | Reached skill level 10 in Dodging
  5347 | D:7      | Found a flagged portal.
  5363 | Bailey   | Entered a bailey
  5377 | Bailey   | Reached skill level 5 in Axes
  5573 | Bailey   | Reached skill level 1 in Evocations
  5575 | Bailey   | Noticed a two-headed ogre
  5578 | Bailey   | Reached skill level 1 in Throwing
  5620 | Bailey   | Killed a two-headed ogre
  5621 | Bailey   | Reached skill level 4 in Shields
  5621 | Bailey   | Reached XP level 9. HP: 32/71 MP: 11/11
  7173 | D:7      | Reached XP level 10. HP: 73/80 MP: 13/13
  7427 | D:8      | Found a staircase to the Lair.
  7875 | D:8      | Reached skill level 5 in Fighting
  8467 | D:9      | Noticed a cyclops
  8484 | D:9      | Killed a cyclops
  8485 | D:9      | Reached skill level 5 in Shields
  8700 | D:9      | Noticed a deep elf pyromancer
  8701 | D:9      | Noticed a purple ugly thing
  8710 | D:9      | Killed a deep elf pyromancer
  8721 | D:9      | Noticed a two-headed ogre
  8736 | D:9      | Killed a two-headed ogre
  8775 | D:9      | Reached skill level 5 in Armour
  9136 | D:9      | Reached XP level 11. HP: 71/88 MP: 14/14
  9654 | D:9      | Reached skill level 10 in Axes
  9999 | Lair:1   | Entered Level 1 of the Lair of Beasts
 10078 | Lair:1   | Noticed Sonja
 10086 | Lair:1   | Killed Sonja
 10089 | Lair:1   | Lost mutation: You occasionally lose the ability to drink
                  | potions when taking damage. [potion of mutation]
 10089 | Lair:1   | Gained mutation: You are strong-willed. (Will+) [potion of
                  | mutation]
 10089 | Lair:1   | Gained mutation: You are resistant to electric shocks.
                  | (rElec) [potion of mutation]
 10089 | Lair:1   | Gained mutation: You have a pair of small antennae on your
                  | head. [potion of mutation]
 10285 | Lair:1   | Noticed Amaemon
 11410 | Lair:1   | Killed Amaemon
 11607 | Lair:2   | Found a staircase to the Swamp.
 11914 | D:10     | Entered Level 10 of the Dungeon
 12063 | D:10     | Learned a level 4 spell: Manifold Assault
 12097 | D:10     | Reached skill level 1 in Spellcasting
 12594 | D:11     | Found a gate leading to a gauntlet.
 12604 | Gauntlet | Entered a Gauntlet
 12604 | Gauntlet | Found a transporter.
 12607 | Gauntlet | Found a transporter.
 12612 | Gauntlet | Found a transporter.
 12616 | Gauntlet | Found a transporter.
 12619 | Gauntlet | Found a transporter.
 12619 | Gauntlet | Found the +3 Mad Mage's Maulers {Infuse+∞ VampMP -Cast}
 12623 | Gauntlet | Found a transporter.
 12625 | Gauntlet | Noticed a wretched star
 12631 | Gauntlet | Found a transporter.
 12635 | Gauntlet | Found a transporter.
 12646 | Gauntlet | Found a transporter.
 12647 | Gauntlet | Found a transporter.
 12649 | Gauntlet | Noticed a blizzard demon
 12655 | Gauntlet | Found a transporter.
 12676 | Gauntlet | Found a transporter.
 12688 | Gauntlet | Found a transporter.
 12700 | Gauntlet | Found a transporter.
 13209 | Gauntlet | Killed a wretched star
 13210 | Gauntlet | Reached XP level 12. HP: 34/96 MP: 2/22
 13544 | Gauntlet | Reached skill level 5 in Spellcasting
 13879 | Gauntlet | Noticed a minotaur
 13919 | Gauntlet | Killed a minotaur
 14169 | D:11     | Reached skill level 1 in Maces & Flails
 14191 | D:11     | Noticed a boulder beetle
 14207 | D:11     | Killed a boulder beetle
 15133 | D:12     | Noticed Fannar
 15141 | D:12     | Killed Fannar
 15387 | D:12     | Reached skill level 5 in Maces & Flails
 15522 | D:12     | Reached skill level 1 in Necromancy
 16260 | D:12     | Noticed Frances
 16354 | D:11     | Learned a level 4 spell: Anguish
 16720 | Lair:2   | Got Degukhir's Annotations on Forms
 16961 | Lair:2   | You fall into a shaft and drop 2 floors!
 17479 | Lair:4   | Noticed a catoblepas
 17500 | Lair:4   | Killed a catoblepas
 17501 | Lair:4   | Reached XP level 13. HP: 102/103 MP: 1/24
 18500 | Lair:4   | Reached skill level 10 in Maces & Flails
 18964 | Lair:5   | Entered Level 5 of the Lair of Beasts
 19904 | Lair:5   | Reached XP level 14. HP: 111/111 MP: 2/25
 20998 | Lair:5   | Found a staircase to the Slime Pits.
 21520 | Lair:5   | Identified the ring of Springtime {Wiz rCorr MP+9 Int+6}
 22175 | Lair:3   | Found a runed translucent door.
 22180 | Lair:3   | Noticed turdburglar's ghost (journeyman KoEn)
 22207 | Lair:3   | Killed turdburglar's ghost
 23229 | Lair:3   | Noticed Prince Ribbit
 23233 | Lair:3   | Found a staircase to the Snake Pit.
 23242 | Lair:3   | Killed Prince Ribbit
 23244 | Lair:3   | Reached skill level 5 in Necromancy
 25495 | D:12     | Reached skill level 1 in Transmutations
 25500 | D:12     | Reached skill level 1 in Stealth
 25500 | D:12     | Reached skill level 1 in Translocations
 25837 | D:12     | Killed Frances
 26098 | D:12     | Found a staircase to the Orcish Mines.
 26136 | Orc:1    | Entered Level 1 of the Orcish Mines
 26147 | Orc:1    | Reached skill level 1 in Air Magic
 26573 | Orc:1    | Found Urefack's Assorted Antiques.
 26583 | Orc:1    | Bought a potion of haste for 290 gold pieces
 26583 | Orc:1    | Bought a box of beasts for 1160 gold pieces
 26583 | Orc:1    | Bought a brightly glowing golden ring for 145 gold pieces
 26583 | Orc:1    | Identified the ring of Kanad {rF+ MP+9 EV+5} (You bought it
                  | in a shop on level 1 of the Orcish Mines)
 26864 | Orc:2    | Entered Level 2 of the Orcish Mines
 26864 | Orc:2    | Found a staircase to the Elven Halls.
 28475 | Orc:2    | Reached skill level 15 in Maces & Flails
 28731 | Orc:2    | Found a runed translucent gate.
 28733 | Orc:2    | Found a runed translucent gate.
 28916 | Orc:2    | Found a runed translucent gate.
 28916 | Orc:2    | Noticed Jingleheimer's ghost (adept MiFi)
 28917 | Orc:2    | Noticed Fodor's ghost (journeyman MiFi)
 29332 | Orc:2    | Found Meohuw's General Store.
 29335 | Orc:2    | Found Enylaf's General Store.
 29336 | Orc:2    | Found Juschasti's Magic Scroll Emporium.
 29337 | Orc:2    | Found Anul's Antique Weapon Shoppe.
 29344 | Orc:2    | Bought a potion of heal wounds for 70 gold pieces
 29615 | Snake:1  | Entered Level 1 of the Snake Pit
 29620 | Snake:1  | Reached XP level 15. HP: 118/118 MP: 4/27
 29790 | Snake:1  | Identified the +6 short sword of the Spinneret {antimagic,
                  | rCorr Dex+5}
 29852 | Snake:1  | Reached skill level 6 in Shields
 30691 | Snake:1  | Noticed Layvvorr's ghost (adept DEHW)
 30848 | Snake:1  | Identified the ring of Neevehasm {+Blink rPois EV+5 Str+7
                  | Int-4}
 30853 | Snake:1  | Found a transporter.
 30856 | Snake:1  | Found a transporter.
 32234 | Snake:2  | Found Neammy's Armour Shop.
 32235 | Snake:2  | Found Molaryne's Magic Scroll Shop.
 32235 | Snake:2  | Found Hautadi's Distillery.
 32238 | Snake:2  | Found Kutwen's Antique Armour Boutique.
 32275 | Snake:2  | Bought a glowing buckler for 225 gold pieces
 32618 | Snake:2  | Reached skill level 5 in Stealth
 33509 | Snake:2  | Found Duetousa's Assorted Antiques.
 33516 | Snake:2  | Bought a scroll labelled NAUZUG AGAICU for 41 gold pieces
 33516 | Snake:2  | Acquired a manual of Spellcasting
 33732 | Snake:3  | Identified the +3 sling "Ytut" {drain, rPois}
 34670 | Snake:3  | Noticed a nagaraja
 34681 | Snake:3  | Killed a nagaraja
 35072 | Snake:4  | Entered Level 4 of the Snake Pit
 35262 | Snake:4  | Reached skill level 7 in Shields
 35707 | Snake:4  | Noticed Aizul
 35716 | Snake:4  | Reached XP level 16. HP: 112/127 MP: 3/31
 35722 | Snake:4  | Killed Aizul
 35883 | Snake:4  | Reached skill level 8 in Shields
 36034 | Snake:4  | Got the Atlas of Charmed Oxidation
 37378 | Snake:4  | Reached skill level 9 in Shields
 38192 | Snake:4  | Reached skill level 10 in Shields
 38352 | Snake:4  | Got a serpentine rune of Zot
 39135 | Snake:4  | Reached skill level 11 in Shields
 39708 | Swamp:1  | Entered Level 1 of the Swamp
 41381 | Swamp:2  | Noticed Kirke
 41445 | Swamp:2  | Noticed a tentacled monstrosity
 41450 | Swamp:2  | Killed Kirke
 41601 | Swamp:2  | Killed a tentacled monstrosity
 41645 | Swamp:2  | Reached skill level 12 in Shields
 42026 | Swamp:2  | Reached XP level 17. HP: 134/134 MP: 9/34
 43664 | Swamp:3  | Noticed Roxanne
 43694 | Swamp:3  | Killed Roxanne
 44588 | Swamp:3  | Reached skill level 13 in Shields
 44733 | Swamp:3  | Identified the +6 chain mail of the Lonely Quests {Regen+
                  | rCorr Int+2}
 45023 | Swamp:4  | Entered Level 4 of the Swamp
 45648 | Swamp:4  | Reached skill level 10 in Stealth
 46733 | Swamp:4  | Got a decaying rune of Zot
 46773 | Swamp:4  | Reached skill level 5 in Evocations
 47127 | Swamp:4  | Reached skill level 5 in Throwing
 47947 | D:3      | Killed turdburglar's ghost
 48753 | D:13     | Found a gate to the Vaults.
 48808 | D:13     | Reached skill level 5 in Translocations
 49382 | D:14     | Learned a level 4 spell: Passage of Golubria
 49387 | D:14     | Reached XP level 18. HP: 144/144 MP: 37/37
 49431 | D:14     | Learned a level 8 spell: Disjunction
 49436 | D:14     | Learned a level 4 spell: Leda's Liquefaction
 49501 | D:14     | Noticed Jorgrun
 49517 | D:14     | Killed Jorgrun
 49958 | D:14     | Noticed Louise
 49973 | D:14     | Killed Louise
 50252 | D:15     | Entered Level 15 of the Dungeon
 50357 | D:15     | Found a staircase to the Depths.
 50551 | D:15     | Noticed Rupert
 50577 | D:15     | Killed Rupert
 50676 | D:15     | Noticed Agnes
 50689 | D:15     | Killed Agnes
 51344 | Vaults:1 | Entered Level 1 of the Vaults
 51360 | Vaults:1 | Reached skill level 10 in Translocations
 51551 | Vaults:1 | Found Heumil's Antique Weapon Shop.
 51582 | Vaults:1 | Found Totid's General Store.
 51899 | Vaults:1 | Reached skill level 14 in Shields
 52076 | Vaults:1 | Identified the staff of death "Ydefeiwn" {rF+ rN+}
 52578 | Vaults:1 | Found Qonidaag's Book Emporium.
 52579 | Vaults:1 | Found Ompiociy's Distillery.
 52810 | Vaults:2 | Reached skill level 15 in Shields
 52919 | Vaults:2 | Reached XP level 19. HP: 148/151 MP: 38/38
 52943 | Vaults:2 | Reached skill level 16 in Shields
 53162 | Vaults:2 | Found a runed translucent gate.
 53162 | Vaults:2 | Found a runed translucent gate.
 53162 | Vaults:2 | Found a runed translucent gate.
 53162 | Vaults:2 | Noticed Dacon's ghost (adept MiGl)
 53499 | Orc:2    | Bought the +8 frozen axe "Frostbite" {freeze, freezing
                  | cloud, *Noise Fly rC+} for 1623 gold pieces
 53499 | Orc:2    | Found the +8 frozen axe "Frostbite" {freeze, freezing
                  | cloud, *Noise Fly rC+}
 53977 | Vaults:2 | Reached skill level 10 in Spellcasting
 53988 | Vaults:2 | Identified the +8 long sword of the End {flame, rC+}
 54022 | Vaults:2 | Reached skill level 17 in Shields
 54453 | Vaults:2 | Found a staircase to the Crypt.
 55846 | Vaults:3 | Noticed Xtahua
 55852 | Vaults:3 | Killed Xtahua
 55879 | Vaults:3 | HP: 2/151 [ironbound thunderhulk/+0 dire flail (25)]
 56937 | Vaults:4 | HP: 6/151 [ironbound frostheart/creeping frost (14)]
 56938 | Vaults:4 | Killed from afar by an ironbound frostheart

Illustrated notes

Levels and vault maps discovered:
D:1:      tarquinn_simple_flora_water_a, layout_basic,
          ebering_ecumenical_altar_abandoned
D:2:      kennysheep_big_flooded_room, layout_loops_cross, serial_shops, shop
D:3:      layout_loops_corners, ebering_ghost_rock_garden, serial_shops, shop,
          grunt_ministairs_8, kennysheep_generic_room_10, uniq_jessica
D:4:      layout_loops_ring, mainiacjoe_overflow_catwalk, temple_fountains,
          serial_rivers, chequers_serial_rivers_micro_d,
          chequers_serial_rivers_micro_d, chequers_serial_rivers_large_b,
          chequers_serial_rivers_micro_e, chequers_serial_rivers_micro_c,
          minmay_misc_feat_rows
D:5:      layout_loops_cross, nicolae_overflow_hidden_temple
D:6:      layout_basic, mainiacjoe_overflow_alcove_2, serial_rivers,
          chequers_serial_rivers_micro_e, chequers_serial_rivers_marsh,
          chequers_serial_rivers_small_a, chequers_serial_rivers_micro_d,
          chequers_serial_rivers_micro_b, chequers_serial_rivers_micro_c,
          minmay_misc_feat_iff, kennysheep_generic_room_15
D:7:      layout_loops_corners, lemuel_tele_altar, enter_bailey_6, hex_medium,
          lightli_orcish_oven
D:8:      layout_rooms, mainiacjoe_overflow_alcove_3, minmay_lair_entry_grove,
          minivault_19
D:9:      minmay_clustersquares, layout_stronghold, lemuel_doored_altar,
          mainiacjoe_overflow_surrounded_room,
          mainiacjoe_overflow_cross_hatched, corexii_corridor_pit
D:10:     layout_irregular_city
D:11:     layout_basic, gauntlet_entry_generic
D:12:     layout_basic, erik_orc_2, nicolae_sif_muna_little_library,
          uniq_frances, uniq_fannar
D:13:     layout_roguey [special_room_bee], erik_vaults_2, serial_demonic,
          serial_demonic_e, serial_demonic_b, serial_demonic_g, serial_demonic_a
D:14:     layout_basic, serial_glass, glass_columns_a, glass_columns_a,
          item_on_display_b, due_unseen_surprise, item_on_display_a,
          minmay_strange_pillars, uniq_jorgrun, uniq_louise
D:15:     hangedman_depths_entry_try_elsewhere_first, layout_stronghold,
          uniq_rupert, uniq_agnes
Lair:1:   layout_big_grid, serial_rivers, chequers_serial_rivers_micro_a,
          chequers_serial_rivers_marsh, chequers_serial_rivers_marsh,
          chequers_serial_rivers_room_a, chequers_serial_rivers_micro_a,
          chequers_serial_rivers_marsh, uniq_amaemon, uniq_sonja
Lair:2:   layout_chaotic_city, minmay_swamp_entry_worms
Lair:3:   layout_regular_city, nicolae_snake_entry_warm_welcome,
          ebering_ghost_inner_flame, grunt_megastairs_1, lemuel_fruit_tree,
          serial_bayou_shore_b, uniq_prince_ribbit2
Lair:4:   layout_loops_ring, beast_lair_carwin_10
Lair:5:   minmay_lair_end_frog_pond, layout_cave_shapes,
          nicolae_slime_entry_field_trip, serial_forest,
          infiniplex_forest_lined_2, infiniplex_forest_end_3,
          infiniplex_forest_side_room, infiniplex_forest_straight_2,
          infiniplex_forest_corner_2, infiniplex_forest_clump_small,
          infiniplex_forest_clump_C
Swamp:1:  layout_basic_swamp, evilmike_swamp_ruin_house_4,
          infiniplex_staircase_pool
Swamp:2:  nicolae_swamp_ascending_descending, layout_falls_marsh,
          nicolae_swamp_little_tower, st_swamp_ruins_4, uniq_kirke
Swamp:3:  layout_falls_marsh, evilmike_swamp_ruin_house_3, swamp_pool2,
          uniq_roxanne
Swamp:4:  byrel_swamp_growth_death_and_undeath, layout_basic_swamp
Snake:1:  layout_misc_corridors, gammafunk_ghost_arena, grunt_megastairs_5
Snake:2:  layout_rooms, serial_shops, nicolae_lakefront_shop, minmay_shoptagon
Snake:3:  layout_misc_corridors, basic_altar
Snake:4:  grunt_snake_rune_spirals, layout_concentric_octagons,
          serial_bayou_shore_b, uniq_aizul
Orc:1:    layout_caves, serial_shops, nicolae_shop_waterfront
Orc:2:    st_orc_pillars, layout_diamond_mine, gammafunk_ghost_cemetery
Vaults:1: nicolae_vaults_shrinking_rooms_1, nicolae_vaults_ring_of_whatevers,
          vaults_mumra_hexcomb, nicolae_vaults_hallways_thing, v_misc_24,
          dpeg_vaults_monster_row, vaults_mumra_hex,
          nicolae_vaults_security_offices_3, v_alt_pattern_2,
          nicolae_vaults_network_barrier, nicolae_vaults_double_plus_1,
          nicolae_vaults_tetromino_Z_2, nicolae_vaults_trapezoid_layered,
          layout_vaults_big_cross, serial_shops, nicolae_shop_trees, shop, shop,
          nicolae_shop_overgrown_old_shop
Vaults:2: gammafunk_ghost_ooze, vaults_room_hangedman_quadrants,
          nicolae_vaults_house_2, hangedman_vaults_snaps,
          minmay_crypt_entry_simple_walls, nicolae_vaults_shelves_hall,
          vaults_dpeg_encased_lava, nicolae_vaults_closet_pinwheel_5,
          v_alt_pattern_1, nicolae_vaults_six-pack, vaults_dpeg_emergency_exit,
          nicolae_vaults_mini_display_case, nicolae_vaults_tetromino_Z_1,
          layout_vaults_chaotic_city
Vaults:3: nicolae_vaults_variable_pillar_hall_cross, ontoclasm_vaults_shuriken,
          vaults_dpeg_hooks, vaults_room_corners,
          nicolae_vaults_closet_pinwheel_4, nicolae_vaults_yaktaur_gun_rack,
          layout_vaults_omnigrid, uniq_xtahua
Vaults:4: hangedman_vaults_hat, nicolae_vaults_shrinking_rooms_2,
          nicolae_vaults_windows_and_doors_thing, grunt_vaults_focal,
          hangedman_vaults_stitches, nicolae_vaults_door_testing_chamber,
          vaults_dpeg_diagonal, nicolae_vaults_display_case,
          nicolae_vaults_trapezoid_lopsided_1, layout_vaults_ring, serial_shops,
          shop

Skill      XL: |  1  2  3  4  5  6  7  8  9 10 11 12 13 14 15 16 17 18 19 |
---------------+----------------------------------------------------------+-----
Axes           | 2 3 4 6 8 9 11 | 11.9
Armour         | 3 4 5 6 7 |  7.8
Fighting       | 3 4 5 6 7 8 9 |  9.4
Shields        | 3 4 5 7 12 13 15 17 | 17.6
Dodging        | 4 7 9 11 12 13 | 13.1
Evocations     | 1 2 3 4 5 |  5.4
Throwing       | 1 2 3 4 5 |  5.2
Spellcasting   | 4 5 7 8 9 11 | 11.5
Maces & Flails | 8 12 15 16 | 16.4
Necromancy     | 2 4 5 |  5.0
Transmutations | 2 |  2.8
Stealth        | 1 7 9 10 | 10.2
Translocations | 2 3 6 10 | 10.0
Air Magic      | 1 2 |  2.5

Action                     |  1- 3 |  4- 6 |  7- 9 | 10-12 | 13-15 | 16-18 | 19-21 || total
---------------------------+-------+-------+-------+-------+-------+-------+-------++-------
  Melee: War axe           |   116 |   168 |   188 |   542 |       |       |       ||  1014
         Eveningstar       |       |       |       |   155 |   973 |  1298 |   180 ||  2606
         Executioner's axe |       |       |       |       |       |       |   156 ||   156
  Throw: Dart              |       |       |    16 |    38 |    25 |    69 |       ||   148
         Javelin           |       |       |       |     4 |    11 |    11 |     5 ||    31
         Boomerang         |       |       |       |       |       |       |     1 ||     1
   Cast: Wereblood         |       |       |       |       |       |    14 |     7 ||    21
         Swiftness         |       |       |       |       |       |     1 |       ||     1
         Passage of Golubr |       |       |       |       |       |     1 |       ||     1
         Manifold Assault  |       |       |       |       |       |       |    66 ||    66
  Evoke: Wand              |       |     5 |     1 |    19 |     2 |    39 |       ||    66
         Box of beasts     |       |       |       |       |     1 |       |       ||     1
    Use: Scroll            |     6 |     8 |     6 |    10 |     5 |     4 |     5 ||    44
         Potion            |       |     2 |     9 |     9 |     6 |     6 |     7 ||    39
   Stab: Sleeping          |       |       |     1 |     1 |     8 |    16 |     5 ||    31
         Invisible         |       |       |     7 |       |       |     1 |       ||     8
         Paralysed         |       |       |       |     6 |       |     4 |       ||    10
         Distracted        |       |       |       |     1 |     3 |     6 |       ||    10
         Confused          |       |       |       |       |       |     2 |       ||     2
 Armour: Scale mail        |    65 |    59 |     6 |       |       |       |       ||   130
         Acid dragon scale |       |       |    30 |   109 |       |       |       ||   139
         Skin              |       |       |       |    28 |       |       |       ||    28
         Leather armour    |       |       |       |    15 |       |       |       ||    15
         Shadow dragon sca |       |       |       |    60 |   199 |    88 |       ||   347
         Chain mail        |       |       |       |       |       |   256 |    37 ||   293
  Dodge: Dodged            |    55 |    85 |   178 |   549 |   660 |   939 |   107 ||  2573
  Block: Buckler           |    31 |    44 |    54 |   194 |   210 |       |       ||   533
         Tower shield      |       |       |       |       |   129 |   130 |    32 ||   291
         Reflection        |       |       |       |       |     1 |       |       ||     1
         Kite shield       |       |       |       |       |       |   999 |    82 ||  1081
